 Dungeon Crawl Stone Soup version 0.29.1-2-gbd0b4ee654 (webtiles) character file.

Game seed: 3063887011125268525

23 MTVSty1e the Trooper (level 2, -12/27 HPs)
             Began as a Minotaur Fighter on Oct 23, 2022.
             Mangled by Crazy Yiuf
             ... wielding a +3 quarterstaff of chaos
              (15 damage)
             ... on level 2 of the Dungeon.
             The game lasted 00:00:41 (559 turns).

MTVSty1e the Trooper (Minotaur Fighter)              Turns: 559, Time: 00:00:43

Health: -12/27     AC:  6    Str: 20    XL:     2   Next: 72%
Magic:  1/1        EV:  9    Int:  5    God:
Gold:   48         SH:  4    Dex:  9    Spells: 1/1 levels left

rFire   . . .      SeeInvis .   a - +0 war axe
rCold   . . .      Faith    .   c - +0 buckler
rNeg    . . .      Spirit   .   b - +0 scale mail
rPois   .          Reflect  .   (helmet restricted)
rElec   .          Harm     .   (no cloak)
rCorr   .          Rampage  .   (no gloves)
Will    .....                   (no boots)
Stlth   ..........              (no amulet)
HPRegen 0.09/turn               (no ring)
MPRegen 0.07/turn               (no ring)

@: lethally poisoned (-12 -> -27)
A: horns 2, retaliatory headbutt
a: no special abilities


You were on level 2 of the Dungeon.
You visited 1 branch of the dungeon, and saw 2 of its levels.

You collected 48 gold pieces.

Inventory:

Hand Weapons
 a - a +0 war axe (weapon)
Armour
 b - a +0 scale mail (worn)
 c - a +0 buckler (worn)
Scrolls
 e - a scroll of poison {unknown}
 f - 3 scrolls of teleportation {unknown}
 g - 3 scrolls of butterflies {unknown}
 h - a scroll of identify {unknown}
 i - a scroll of immolation {unknown}
 j - a scroll of noise {unknown}
 k - a scroll of fear {unknown}
 l - a scroll of enchant weapon {unknown}
 m - a scroll of summoning {unknown}
Potions
 d - a potion of might
 n - a potion of ambrosia {unknown}


   Skills:
 + Level 4.1 Fighting
 * Level 3.6 Axes
 - Level 3.6 Armour
 - Level 3.6 Shields


You had one spell level left.
You didn't know any spells.
Your spell library was empty.

Dungeon Overview and Level Annotations

Branches:
Dungeon (2/15)

Altars:

Annotations:
D:2 Crazy Yiuf


Innate Abilities, Weirdness & Mutations

You have a pair of horns on your head.
You reflexively headbutt those who attack you in melee.


Message History

No target in view!
No target in view!
No target in view!
No target in view!
No target in view!
You see here 8 stones.
n - a fuming orange potion
Found two hammers.
No target in view!
No target in view!
No target in view!
No target in view!
Found a hammer.
Found a hammer.
You see here a +0 hammer.
Found a hammer.
Found a runed translucent door.
Crazy Yiuf shouts!
Crazy Yiuf says, "Cake down stair!"
You open the door. You barely miss Crazy Yiuf.
Crazy Yiuf hits you but does no damage.
Crazy Yiuf hits you with a +3 quarterstaff of chaos!
You resist with significant effort.
You hit Crazy Yiuf.
Crazy Yiuf is lightly wounded.
You block Crazy Yiuf's attack.
You hit Crazy Yiuf. Your headbutt misses Crazy Yiuf.
Crazy Yiuf is moderately wounded.
Crazy Yiuf barely misses you. You block Crazy Yiuf's attack.
You closely miss Crazy Yiuf.
Crazy Yiuf is moderately wounded.
Crazy Yiuf laughs, "Scoff!
Mama cloud alas."
Crazy Yiuf hits you with a +3 quarterstaff of chaos!
You are lethally poisoned!
You closely miss Crazy Yiuf.
Crazy Yiuf is moderately wounded.
* * * LOW HITPOINT WARNING * * *
You feel very sick.
Crazy Yiuf hits you with a +3 quarterstaff of chaos!
Ouch! That really hurt!
You die...

##.#
###...####.#####.
#####..#
#...####.###...
#......#
#.........(....
#.######
########.......
#.# #####.##
##.##♣♣♣♣♣
####...
#......♣.♣♣♣ ###
##.#####
#.).)...♣..♣#...#
###...##
#..)...♣♣♣♣@g...#
#......# ##)...♣♣
♣♣#..)# ###...##
####♣♣ ### ##.##
#.# #.# #.#
#.##### #.....)
#######


You could see Crazy Yiuf.

Vanquished Creatures
  4 bats
  2 endoplasms (D:1)
  2 giant cockroaches
  3 goblins (D:1)
  A hobgoblin (D:2)
  2 jackals (D:1)
  3 kobolds (D:1)
  3 rats (D:1)
20 creatures vanquished.

Notes
Turn   | Place    | Note
-------+----------+-------------------------------------------
     0 | D:1      | MTVSty1e the Minotaur Fighter began the quest for the Orb.
     0 | D:1      | Reached XP level 1. HP: 19/19 MP: 0/0
   101 | D:1      | Reached XP level 2. HP: 26/27 MP: 1/1
   129 | D:1      | Reached skill level 4 in Fighting
   265 | D:1      | You fall into a shaft and drop 1 floor!
   550 | D:2      | Found a runed translucent door.
   551 | D:2      | Noticed Crazy Yiuf
   559 | D:2      | Mangled by Crazy Yiuf

Illustrated notes

Levels and vault maps discovered:
D:1:      scummos_arrival_hexagon, layout_rooms,
          chequers_ecumenical_altar_island, dk_noncrumbling_3,
          amcnicky_mini_corridor_feature, minmay_quantized
D:2:      layout_loops_ring, minmay_puff, uniq_sigmund, uniq_crazy_yiuf_cottage

Skill      XL: |  1  2 |
---------------+-------+-----
Axes           | 3 |  3.6
Fighting       | 4 |  4.1
Armour         | |  3.6
Shields        | |  3.6

Action                   || total
-------------------------++-------
Melee: War axe           ||    43
       Headbutt          ||     2
Armor: Scale mail        ||    24
Dodge: Dodged            ||    29
Block: Buckler           ||    15
